[Event "Israeli Championship 2022"]
[Site "Yosiah Arad"]
[Date "2022.12.11"]
[Round "7.5"]
[White "Mikhalevski, Victor"]
[Black "Zanan, Evgeny"]
[Result "1/2-1/2"]
[ECO "A26"]
[WhiteElo "2517"]
[BlackElo "2485"]
[Annotator "TA"]
[PlyCount "274"]
[EventDate "2022.12.05"]
[EventType "swiss"]
[EventCountry "ISR"]
[SourceTitle "playchess.com"]
[Source "ChessBase"]
[SourceQuality "1"]
[TimeControl "40/5400+30:1800+30"]

1. c4 e5 2. g3 Nc6 3. Bg2 g6 4. Nc3 Bg7 5. Rb1 a5 6. a3 d6 7. b4 axb4 8. axb4 f5 9. b5 Nce7 10. d3 Nf6 11. Nf3 O-O 12. O-O h6 13. c5 Be6 14. b6 c6 15. cxd6 Qxd6 16. e4 g5 17. Bb2 Ng6 18. exf5 Bxf5 19. Qb3+ Kh8 20. Rfd1 Qe7 21. Rbc1 Be6 22. Qc2 Qf7 23. Re1 Nd5 24. Ne4 g4 25. Nfd2 Nb4 26. Qc3 Na2 27. Qc5 Nxc1 28. Rxc1 Ra2 29. Bc3 Rd8 30. Qe3 Ne7 31. Nc5 Nf5 32. Qe1 Nd4 33. Bxd4 Rxd4 34. Nde4 Bf5 35. Ra1 Rb2 36. Rb1 Rdb4 37. Qxb4 Rxb4 38. Rxb4 Bf8 39. Ra4 Bxe4 40. Nxe4 Qb3 41. Ra8 Kg7 42. Rd8 Qxb6 43. Rd7+ Kg6 44. h3 gxh3 45. Bxh3 Qb3 46. Kg2 b5 47. Nd2 Qb2 48. Ne4 Qb3 49. Nd2 Qa2 50. Ne4 Qb3 51. Rc7 Qxd3 52. Rxc6+ Kg7 53. Bf5 Qd8 54. Rg6+ Kf7 55. Ra6 Qc7 (55... b4 {simplifies} 56. g4 Qe7 57. Rd6 Qxd6 58. Nxd6+ Bxd6 59. Bc2 Bc5) 56. Be6+ (56. Rf6+ $15 Ke7 57. Re6+ Kd8 58. Nf6) 56... Kg7 $1 $17 57. Bd5 (57. Bf5 $17 {might work better.}) 57... Be7 58. Re6 b4 59. g4 (59. Bb3 $142) 59... Bh4 60. Nd6 (60. Rd6 {was necessary.}) 60... Qc5 $19 61. Nf5+ Kf8 62. Ne3 Bg5 63. Rc6 Qb5 (63... Qa5 $19 {White must now prevent ...Bxe3.} 64. Rc8+ Ke7) 64. Rc8+ $17 Ke7 65. Bc6 Qa6 (65... Qe2 $17 66. Nf5+ Ke6) 66. Nf5+ $11 Ke6 67. Re8+ $1 Kf7 68. Rc8 $1 Qa5 (68... Qxc8 $2 69. Nd6+ Ke7 70. Nxc8+ $18) 69. Rb8 Qc5 70. Rb7+ Kf8 (70... Ke6 $15 71. Be4 Qa5) 71. Be4 Bd2 (71... Bd8 $5) 72. Rb8+ Kf7 73. Rb5 Qc3 (73... Qxb5 $2 74. Nd6+ Kf6 75. Nxb5 $18) 74. Rb6 Qc5 75. Rc6 Qa5 76. Nd6+ (76. Rd6 $5 Bg5 77. Rd7+ Ke8 78. Rb7 $15) 76... Kg7 (76... Kf8 $5 77. Rc8+ (77. Nc4 Qa1 $17) 77... Ke7 78. Nf5+ Kd7 $17) 77. Nc4 Qa2 78. Nxe5 {[%emt 0:01:01] [#]} (78. Rc7+ $11 Kf6 79. Bd5 (79. Rc6+ Kf7 $11)) 78... Bc3 ({Black should try} 78... Bg5 $1 $17) 79. Rc7+ (79. Nd3 $1 $11 {remains equal.}) 79... Kf6 $17 80. Nd7+ {[%emt 0:00:18] [#]} Kg5 $2 (80... Ke6 $1 $17 {[%cal Re6d6] and life is bright.} 81. Nc5+ Ke5) 81. Rc5+ $2 ({Only move:} 81. Kg3 $18 Be5+ 82. Nxe5) 81... Kxg4 $15 82. Nf8 (82. Rd5 $17 Qe2 83. Nc5) 82... Qxf2+ $2 (82... Kf4 $19 83. Bd5 Qa7 84. Ne6+ Ke5 85. Bb3+ Kf6) 83. Kxf2 $11 Bd4+ 84. Ke2 Bxc5 85. Ne6 Bb6 86. Bd5 h5 87. Bf3+ Kf5 88. Ng7+ Kg6 89. Nxh5 Bc7 90. Kd3 Be5 91. Kc4 Bd6 92. Bd1 Kf5 93. Bc2+ Kg5 94. Ng7 Kf6 95. Nf5 Bf8 96. Nd4 Be7 97. Kd5 Bf8 98. Nc6 Kg5 99. Ke4 Kf6 100. Bb3 Bd6 101. Kd5 Bf8 102. Nd4 Bh6 103. Nf3 Kf5 104. Bc2+ Kf6 105. Ne5 Bd2 106. Nd7+ Ke7 107. Nc5 Bc3 108. Ne4 Kf7 109. Kd6 Bb2 110. Bb3+ Kg7 111. Ke6 Bc3 112. Bc2 Bb2 113. Nd6 Bc3 114. Nc8 Bf6 115. Nb6 Bc3 116. Nd5 Bd2 117. Kf5 Kf7 118. Bb3 Kg7 119. Nf6 Bc3 120. Nh5+ Kh6 121. Nf4 Kg7 122. Nh5+ Kh6 123. Ng3 Kg7 124. Kg5 Bd2+ 125. Kh5 Bc3 126. Ne4 Bd4 127. Kg5 Be3+ 128. Kf5 Bd4 129. Ng5 Bc3 130. Bc4 Bb2 131. Ne6+ Kh6 132. Bd3 Bc3 133. Bc2 Bb2 134. Nc7 Kg7 135. Bb3 Bc3 136. Bc4 Bb2 137. Ne6+ Kh6 1/2-1/2

[Event "Israeli Championship 2022"]
[Site "Yosiah Arad"]
[Date "2022.12.11"]
[Round "7.6"]
[White "Gorodetzky, David"]
[Black "Levin, Guy"]
[Result "0-1"]
[ECO "E51"]
[WhiteElo "2495"]
[BlackElo "2382"]
[Annotator "TA"]
[PlyCount "82"]
[EventDate "2022.12.05"]
[EventType "swiss"]
[EventCountry "ISR"]
[SourceTitle "playchess.com"]
[Source "ChessBase"]
[SourceQuality "1"]
[TimeControl "40/5400+30:1800+30"]

1. d4 d5 2. c4 e6 3. Nc3 Bb4 4. e3 Nf6 5. Bd2 O-O 6. Nf3 b6 7. Rc1 {[%emt 0:05:45] E51: Nimzo-Indian: Rubinstein: 4...0-0 5 Nf3 d5.} c5 8. a3 Ba5 9. cxd5 {[%emt 0:09:54] White has an edge.} exd5 10. Be2 {[%emt 0:04:13] [#] 10.Ne5 is setting a new trend.} Ba6 $146 ({Predecessor:} 10... Bg4 11. O-O Ne4 12. dxc5 bxc5 13. Nxe4 dxe4 14. Bxa5 Qxa5 15. Ng5 Bxe2 16. Qxe2 Qa6 {1-0 (38) Sundararajan,K (2427)-Birkisson,B (2212) Reykjavik 2018}) 11. Ne5 Bxe2 12. Qxe2 Bxc3 13. Bxc3 c4 14. b3 b5 15. O-O Ne4 16. Bb4 (16. bxc4 {seems wilder.} bxc4 17. Bb4 Re8 18. Qh5) 16... Re8 $1 17. bxc4 (17. Qh5 {feels hotter.} g6 18. Qh6 a5 19. f3) 17... bxc4 18. f3 $132 {[%emt 0:00:55][%mdl 2048] Inhibits a5. White is not keeping still} (18. Qh5 {keeps more tension.} g6 19. Qh6 Nd7 20. f3) 18... Ng5 19. e4 f6 20. Ng4 Nc6 21. Bc5 f5 (21... dxe4 22. fxe4 (22. Rxc4 $2 exf3 23. Qd3 fxg2 $19) (22. Qxc4+ Kh8 $11) 22... Nxe4 23. Qxc4+ (23. Rxc4 $2 Na5 $19) 23... Kh8 24. Rfd1 $11) 22. Nf2 (22. Ne3 $1 $11 {keeps the balance.}) 22... fxe4 $17 23. fxe4 Nxe4 24. Nxe4 Rxe4 25. Qf3 (25. Qd2 $17 {was called for.}) 25... Qe8 (25... Nxd4 $19 {has better winning chances.} 26. Qf7+ (26. Bxd4 $2 Rxd4 27. Qf7+ Kh8 $19) 26... Kh8 27. Bxd4 Rxd4) 26. Qf5 Rd8 (26... Nxd4 $2 27. Qxd5+ Kh8 28. Bxd4 $18) 27. Rb1 Nxd4 28. Bxd4 Rxd4 29. Rb7 {[%emt 0:00:17][%cal Ob7g7] [#]} Qg6 $1 {[%emt 0:01:03] Strongly threatening ...Qxf5.} 30. Qd7 Re8 {[%emt 0:01:20] Threatens to win with ...Rd2.} (30... Rxd7 $2 {leads to mate.} 31. Rb8+) 31. h3 {[%emt 0:00:04][%cal Of1f7] White threatens Rf7! and mate.} Rd3 32. Kh2 $2 {[%emt 0:00:13][%mdl 8192] Loses the game.} (32. Qf7+ $17 {is a better chance.} Qxf7 33. Rfxf7) 32... h6 $19 (32... Rxa3 33. Qxd5+ Kh8 34. Rbf7 $18) 33. Qf7+ Kh7 {[%emt 0:00:01] And now ...c3 would win.} 34. Rxa7 c3 {[%emt 0:02:01] [#] aiming for ...c2.} 35. Rc7 d4 (35... Qg3+ $142 36. Kh1 Rd2 37. Qf5+ Kh8 38. Qg4 Qxc7 39. Qh5 Rde2 40. Qf7 Qxf7 41. Rxf7 c2 42. Rc7 d4 43. Kh2 d3 44. h4 d2 45. Rf7 d1=Q 46. Rf3 c1=Q 47. Kg3 Qd6+ 48. Kh3 Qc8+ 49. Rf5 Qxf5+ 50. g4 Qxa3#) 36. Qxg6+ {[%emt 0:00:36] Black is clearly winning.} Kxg6 {[%emt 0:06:35] KRR-KRR} 37. Rf4 Re5 38. Rc4 Rd2 39. Rc6+ Kh7 {[%emt 0:00:00] Hoping for ...Rg5.} 40. h4 {[%emt 0:00:13] Inhibits Rg5.} Ree2 41. Rg4 c2 {[%emt 0:26:47] Weighted Error Value: White=0.78/Black=0.21 (precise)} 0-1

[Event "Israeli Championship 2022"]
[Site "Yosiah Arad"]
[Date "2022.12.11"]
[Round "7.7"]
[White "Streltsov, Alexey"]
[Black "Dvoirys, Semen I."]
[Result "0-1"]
[ECO "B92"]
[WhiteElo "2313"]
[BlackElo "2461"]
[Annotator "TA"]
[PlyCount "86"]
[EventDate "2022.12.05"]
[EventType "swiss"]
[EventCountry "ISR"]
[SourceTitle "playchess.com"]
[Source "ChessBase"]
[SourceQuality "1"]
[TimeControl "40/5400+30:1800+30"]

1. e4 c5 2. Nf3 d6 3. d4 cxd4 4. Nxd4 Nf6 5. Nc3 a6 6. Be3 e5 7. Nb3 Be6 8. Be2 Nbd7 9. O-O Be7 10. Bf3 O-O 11. a4 Qc7 $1 {[%emt 0:01:03][%mdl 4] now scores much better than the old 11...Rc8. B92: Sicilian Najdorf: 6 Be2.} 12. a5 Rfc8 13. Re1 b5 {[%emt 0:09:00] The position is equal.} 14. axb6 Nxb6 15. Na5 Nc4 16. Nxc4 Qxc4 17. Ra4 Qc6 18. Qa1 Qb7 {[%emt 0:04:29] [#]} 19. b3 $146 (19. Be2 $5 a5 20. Rd1 $11) ({Predecessor:} 19. h3 h6 20. Rd1 Bd7 21. Ra3 Bc6 22. Rb3 Qd7 23. Rb6 a5 24. Qa3 d5 25. Bc5 Bxc5 26. Qxc5 {½-½ (43) Mladenov,S (2463)-Roeder,M (2392) Germany 2010}) 19... Qc6 20. Bd2 Bd8 21. Be2 a5 $1 22. Bc4 Bb6 23. h3 (23. Be3 $142) 23... Bd4 $11 (23... Qc5 24. Be3 Qc7 25. Qd1 $11) 24. Qa2 Qb7 25. Nb5 Bxc4 26. Nxd4 exd4 (26... Nxe4 {feels hotter.} 27. Nf5 Be6 28. Rexe4 Bxf5 29. Rec4 d5) 27. bxc4 Nxe4 28. Bxa5 Nc5 29. Ra3 Ne6 30. Ra4 h6 {[%emt 0:02:06] Black is more active.} 31. Bd2 {[%emt 0:01:52][%cal Ba5d2,Bd2f4,Bf4d6,Bd6e5][%mdl 32] Against Nf4} Nc5 (31... Rxa4 {simplifies} 32. Qxa4 Qc7 33. Qa3 Qxc4 34. Qxd6 Qa2) 32. Ra5 Ne4 (32... Rxa5 $17 33. Qxa5 Qb2) 33. Bf4 $1 Rxa5 (33... g5 {simplifies} 34. Bc1 Nc5 35. Rxa8 Rxa8 36. Qb2 Qxb2 37. Bxb2 Ra4) 34. Qxa5 Rxc4 35. Bxd6 Qc6 $36 {[%emt 0:01:18][%mdl 2048] White is under pressure.} (35... Rxc2 36. Qf5 Nxd6 37. Qxc2 $16) (35... Nxd6 $5 36. Qd8+ $8 Kh7 37. Qxd6 Qc7 $11) 36. Be5 Ng5 37. Qd8+ Kh7 38. Rd1 (38. Bxd4 Ne6 39. Rxe6 Qxe6 $17) (38. Qf8 Qg6 39. Kh2 Ne6 $17) (38. h4 $11 Ne4 39. Bxd4 (39. Qf8 f6 $17)) 38... Qg6 {[%emt 0:01:00] Hoping for ...Nf3+.} 39. Kf1 $2 {[%emt 0:00:37][%mdl 8192] White does not recover from this.} (39. Rd3 $17) 39... Qxc2 $19 (39... Rxc2 40. Bxd4 Qe4 41. Be3 $15 (41. Kg1 $2 Ne6 $19)) 40. Re1 d3 {[%emt 0:01:07][%cal Bd4d3,Bd3d2][%mdl 32] ( -> ...d2)} 41. Qf8 Ne6 {[%emt 0:00:12] Black mates.} (41... f6 $2 {[#]} 42. Bxf6 $1 Rc7 43. Bxg7 $1 $18 (43. Bxg5 hxg5 44. Qf5+ g6 $11) (43. Bxg5 hxg5 44. Qf5+ g6 $11)) 42. Qd6 d2 43. Ra1 {[%emt 0:00:01] [#]} Rd4 $3 {[%emt 0:00:27][%mdl 512] Weighted Error Value: White=0.61/Black=0.07 (flawless)} 0-1

[Event "Israeli Championship 2022"]
[Site "Yosiah Arad"]
[Date "2022.12.11"]
[Round "7.8"]
[White "Levitan, Tal"]
[Black "Postny, Evgeny"]
[Result "1/2-1/2"]
[ECO "C48"]
[WhiteElo "2243"]
[BlackElo "2588"]
[Annotator "TA"]
[PlyCount "95"]
[EventDate "2022.12.05"]
[EventType "swiss"]
[EventCountry "ISR"]
[SourceTitle "playchess.com"]
[Source "ChessBase"]
[SourceQuality "1"]
[TimeControl "40/5400+30:1800+30"]

1. e4 e5 2. Nf3 Nc6 3. Nc3 Nf6 4. Bb5 Bd6 5. d3 O-O 6. Bg5 {[%emt 0:03:37] C48: Four Knights: 4 Bb5, replies other than 4...Bb4.} h6 {[%emt 0:01:42] [#]} 7. Bd2 $146 (7. Bh4 $11) ({Predecessor:} 7. Be3 a6 8. Ba4 b5 9. Bb3 Na5 10. Qd2 Nxb3 11. axb3 Ng4 12. Nxb5 Nxe3 13. fxe3 {0-1 (37) Dushyant,S (2369)-Sadhwani,R (2616) Chess.com INT 2022}) 7... a6 8. Bxc6 dxc6 9. Rg1 Re8 10. g4 Bxg4 11. Bxh6 $1 {[%emt 0:01:14][%mdl 64] [#]} g6 12. Bg5 {[%emt 0:03:38] And now Rxg4 would win.} Bh5 13. Rg3 Be7 14. Qd2 Nh7 15. Bxe7 Qxe7 16. O-O-O Bxf3 (16... Qf6 $5 17. Qe3 Nf8 $11) 17. Rxf3 Qg5 {[%emt 0:00:06] Inhibits Rg1.} 18. Ne2 Qxd2+ 19. Kxd2 Kg7 20. Rg3 Nf6 21. f4 Rad8 22. Kc1 exf4 23. Nxf4 Rh8 24. h3 Rde8 25. Rf1 Nd7 26. Ng2 Re6 27. Kd2 Rf6 28. Rxf6 Nxf6 $11 {[%emt 0:00:15][%mdl 4096] Endgame KRN-KRN} 29. Nf4 c5 30. Ke3 b6 31. c3 Re8 32. b3 Re5 33. h4 Kh6 34. Rg1 c6 35. Kf3 Re7 36. Re1 Rd7 37. Rd1 Re7 38. Re1 Nd7 39. d4 cxd4 40. cxd4 c5 41. d5 Ne5+ 42. Ke3 Kg7 (42... Re8 $11) 43. Rg1 (43. h5 $1 $14) 43... Nd7 $1 44. Rg5 Re8 {[%emt 0:04:05] The position is equal.} 45. d6 Kf6 46. Nd5+ Kg7 47. Nf4 Kf6 48. Nd5+ {[%emt 0:00:58] Weighted Error Value: White=0.08 (flawless) /Black=0.07 (flawless)} 1/2-1/2

[Event "Israeli Championship 2022"]
[Site "Yosiah Arad"]
[Date "2022.12.11"]
[Round "7.9"]
[White "Yaniv, Yuval"]
[Black "Rozen, Eytan"]
[Result "1/2-1/2"]
[ECO "B12"]
[WhiteElo "2343"]
[BlackElo "2459"]
[Annotator "TA"]
[PlyCount "61"]
[EventDate "2022.12.05"]
[EventType "swiss"]
[EventCountry "ISR"]
[SourceTitle "playchess.com"]
[Source "ChessBase"]
[SourceQuality "1"]
[TimeControl "40/5400+30:1800+30"]

1. e4 c6 2. d4 d5 3. e5 Bf5 4. h4 h5 5. c4 e6 6. Nc3 Ne7 7. Nge2 {[%emt 0:00:28] B12: Caro-Kann: Advance Variation.} Nd7 8. Ng3 Bg6 9. Bg5 Qb6 10. Rc1 $1 {[%emt 0:00:21] The main line 10.Rc1 scores better than 10.Qd2.} Qxb2 11. Bd3 $1 dxc4 (11... Bxd3 {looks sharper.} 12. Qxd3 dxc4 13. Qxc4 Nd5) 12. Bxg6 Nxg6 13. O-O Qa3 {[%emt 0:00:07] [#]} 14. Nge4 $146 ({Predecessor:} 14. Nxh5 Be7 15. Nxg7+ Kf8 16. Nh5 Bxg5 17. hxg5 Rd8 18. Qg4 Nb6 19. g3 Nc8 20. Ne2 {1-0 (53) Hong,A (2444)-Balakrishnan,P (2498) Chess.com INT 2020}) 14... Nb6 15. f4 {[%emt 0:04:24] Qf3 is the strong threat.} Nd5 (15... Be7 $11) 16. f5 $16 exf5 17. Rxf5 {[%emt 0:00:12] And now Qf1 would win.} Bb4 18. Rf3 (18. Nxd5 $1 $16 cxd5 19. Rf3 (19. Nd6+ Bxd6 20. exd6 f6 $17) 19... Qxa2 20. Ra1) 18... Nxc3 (18... Qa5 $1 $11 {was preferrable.}) 19. Rcxc3 $14 Qxa2 (19... Bxc3 $14 20. Rxc3 Qxa2 21. Nd6+ Kf8) 20. Rce3 $18 {[%emt 0:00:00] Strongly threatening Nd6+.} O-O (20... c3 $16) 21. Rg3 $1 Rfd8 $2 (21... Rfe8) 22. e6 {[%emt 0:00:00] Hoping for exf7+.} c3 {[%emt 0:03:14] [#]} 23. Qxh5 $2 (23. Nf6+ $1 $18 gxf6 24. Bxf6) 23... Qxe6 $1 $14 {[%emt 0:12:21] [#] aiming for ...c2.} (23... Rxd4 $2 24. Nf6+ Kf8 25. Qh7 $1 fxe6 26. Qg8+ (26. Qxg6 Rd1+ 27. Kh2 Qb1 $18) 26... Ke7 27. Ne4+ (27. Qxa8 gxf6 28. Qxb7+ Kd6 $11) 27... Kd7 28. Qxg7+ Kc8 29. Qxd4 $18) 24. Nf6+ $1 {[%emt 0:00:00][%mdl 64] Discovered Attack} Qxf6 $1 25. Bxf6 c2 26. Rc3 $1 Bxc3 (26... gxf6 27. Rxg6+ fxg6 28. Qxg6+ Kf8 29. Qxf6+ Ke8 30. Qe6+ Be7 31. Rxc2 Rxd4 32. Re2 Rd1+ 33. Kh2 $18) 27. Rxc3 {[%emt 0:00:00] The board is on fire.} gxf6 28. Qg4 {[%emt 0:00:00] Black must now prevent h5.} f5 {[%emt 0:00:16] [#] Against h5} (28... Rd5 $14) 29. Qxf5 $2 (29. Qg5 $1 $18) 29... Nxh4 30. Rg3+ Ng6 31. Rxg6+ {[%emt 0:00:00] Weighted Error Value: White=0.46/Black=0.28 (precise)} 1/2-1/2

[Event "Israeli Championship 2022"]
[Site "Yosiah Arad"]
[Date "2022.12.11"]
[Round "7.10"]
[White "Aizenberg, Benny"]
[Black "Zemach, Nadav"]
[Result "0-1"]
[ECO "C88"]
[WhiteElo "2375"]
[BlackElo "2402"]
[Annotator "TA"]
[PlyCount "144"]
[EventDate "2022.12.05"]
[EventType "swiss"]
[EventCountry "ISR"]
[SourceTitle "playchess.com"]
[Source "ChessBase"]
[SourceQuality "1"]
[TimeControl "40/5400+30:1800+30"]

1. e4 e5 2. Nf3 Nc6 3. Bb5 a6 4. Ba4 Nf6 5. O-O Be7 6. Re1 b5 7. Bb3 O-O 8. h3 Bb7 9. d3 d5 {[%emt 0:00:27] C88: Closed Ruy Lopez: Anti-Marshall Systems.} 10. exd5 Nxd5 11. Nbd2 Qd7 {[%emt 0:00:27] White has an edge.} 12. a4 f6 13. Ne4 {[%emt 0:00:05] [#] Threatens to win with c4. 13.Ne4 was played by the boomers.} Nd4 $146 ({Predecessor:} 13... Na5 14. Ba2 c5 15. Be3 Rfc8 16. axb5 axb5 17. Nxc5 Rxc5 18. b4 Rcc8 19. bxa5 Kh8 {½-½ (54) Grischuk,A (2777)-Ding,L (2805) Ekaterinburg 2020}) 14. Nxd4 exd4 15. Ng3 Rfe8 16. axb5 axb5 17. Rxa8 Rxa8 18. Qh5 (18. Ne2 {simplifies} Bb4 19. c3 dxc3 20. bxc3 Ba5 21. Bd2) 18... Bf8 19. Bd2 (19. Ne2 $5 ) 19... c5 20. Nf5 Kh8 {[%emt 0:16:40] [#] White must now prevent ...g6.} 21. Nh4 {[%emt 0:04:45] Inhibits g6.} Kg8 22. c4 dxc3 (22... Nb6 $5 ) 23. bxc3 Qf7 24. Qd1 (24. Qxf7+ {simplifies} Kxf7 25. Nf5 Kg6 26. Ng3) 24... Rd8 25. Qa1 c4 26. dxc4 Nb6 27. Be3 Nxc4 28. Bd4 Bd5 29. Bc2 Nd6 30. Qb1 g6 31. Re3 Nc4 32. Bxg6 $2 hxg6 $19 33. Rg3 g5 {[%emt 0:05:52] And now ...Re8 would win.} 34. Nf5 Nd6 35. Ne3 {[%emt 0:02:12] Hoping for Nxd5.} Be4 36. Qc1 Bg7 37. h4 gxh4 38. Rg4 Bg6 39. Rxh4 Nf5 40. Nxf5 Bxf5 41. Qf4 Be6 42. Qe4 Rd5 43. Qh7+ Kf8 44. Qe4 Bf5 45. Qe2 Qe6 {[%emt 0:00:00] Against c4} 46. Qa2 Kf7 47. Qa7+ Rd7 48. Qb8 Qe2 49. Rf4 $2 (49. Kh2) 49... Qd1+ 50. Kh2 Qh5+ 51. Kg1 Re7 52. f3 Bh6 {[%emt 0:00:00] Strongly threatening ...Qg5.} 53. Qh8 Qg5 (53... Re1+ $19 54. Kf2 Re6) 54. Rxf5 $17 Qxf5 {[%emt 0:00:00] The board is on fire.} 55. Qxh6 {[%emt 0:00:00][%mdl 4096] Endgame KQR-KQB} Re2 {[%emt 0:00:00] Against Qd2} 56. Qh4 Re8 ({Stronger than} 56... Qg6 57. Qh3 $17) (56... Qg5 $19 {[%csl Ge2][%cal Rg5g2] is more deadly.} 57. Qh3 Kg6) 57. Bf2 (57. Kf2 $142) 57... Rg8 58. Qd4 Rh8 (58... Qxf3 $2 59. Qd7+ Kg6 60. gxf3 $18) (58... Qb1+ $17 59. Kh2 Rh8+ 60. Bh4 Qf5) 59. Qa7+ Kg6 60. Qa2 {[%emt 0:00:00] Prevents Qb1+.} Rd8 (60... Qd3 $17 {( -> ...Qd1+)} 61. Qe6 Qb1+ 62. Be1 Qf5) 61. Bd4 $15 Re8 62. Kf2 Qd3 ({Better is} 62... Qe6 $15 63. Qb1+ Kg7) 63. Kg3 (63. g4 $1 $11) 63... b4 64. Qb3 $2 (64. Qa4 $15 Rg8 65. Qxb4) 64... Qd2 $19 65. Qb1+ f5 66. Qa1 Re2 67. Qa6+ Kh5 68. Kh3 Rxg2 {[%emt 0:00:00] Black mates.} ({Much less strong is} 68... bxc3 69. g4+ fxg4+ 70. fxg4+ Kg5 71. Qf6#) 69. Be3 Rh2+ 70. Kg3 Qg2+ 71. Kf4 Qg5+ 72. Ke5 Qxe3+ {[%emt 0:03:00] Weighted Error Value: White=0.40/Black=0.19 (very precise)} 0-1

[Event "Israeli Championship 2022"]
[Site "Yosiah Arad"]
[Date "2022.12.11"]
[Round "7.11"]
[White "Iliaguev, Nisim"]
[Black "Shohat, Yotam"]
[Result "1-0"]
[ECO "A00"]
[WhiteElo "2364"]
[BlackElo "2294"]
[Annotator "TA"]
[PlyCount "69"]
[EventDate "2022.12.05"]
[EventType "swiss"]
[EventCountry "ISR"]
[SourceTitle "playchess.com"]
[Source "ChessBase"]
[SourceQuality "1"]
[TimeControl "40/5400+30:1800+30"]

1. g3 e5 2. Bg2 d5 3. d4 e4 4. c4 c6 5. Nc3 Bb4 6. cxd5 {[%emt 0:00:47] A00: Irregular Openings.} cxd5 7. Nh3 {[%emt 0:00:19] 7.f3 is the modern continuation.} Ne7 8. O-O {[%emt 0:01:30] White is slightly better.} O-O {[%emt 0:00:27] [#]} 9. Nf4 $146 ({Predecessor:} 9. f3 exf3 10. exf3 Nbc6 11. Be3 Qa5 12. Ne2 Nf5 13. Bf2 Bd2 14. Nef4 Ne3 15. Bxe3 Bxe3+ {½-½ (23) Tremblay,A (2144)-Levkovsky,A (2222) Montreal 2015}) 9... Nbc6 10. f3 exf3 11. Bxf3 Be6 12. e3 Qd7 13. Bd2 Rac8 14. Qe2 Rfe8 15. Rae1 Bxc3 16. Bxc3 Rcd8 {[%emt 0:10:25] [#]} 17. Nxe6 $1 {[%emt 0:09:57] White has more active pieces.} Qxe6 18. e4 {[%emt 0:01:43] Against Nf5} dxe4 19. Bxe4 {[%emt 0:00:11][%cal Od4d5] Black must now prevent d5!} ({Don't take} 19. Qxe4 Qxe4 20. Bxe4 (20. Rxe4 f5 $14) 20... Rf8 $14) 19... f5 {[%emt 0:00:41] Inhibits d5.} 20. Bd3 {[%emt 0:07:45] A strong pair of Bishops.} (20. Bc2 $16 Qxe2 21. Rxe2) 20... Qxe2 21. Rxe2 {[%emt 0:00:09] [#] Hoping for d5.} Nxd4 {[%emt 0:06:17][%mdl 8192] Loses the game.} (21... Rf8 $14) 22. Bxd4 $18 Rxd4 23. Bb5 Kf7 24. Bxe8+ Kxe8 25. Rxf5 {[%emt 0:00:34][%mdl 4096] Endgame KRR-KRN} Rd7 26. Kg2 g6 27. Rf1 Rd6 28. h4 ({Not} 28. Rfe1 Rd7 29. Rf2 Kd8 30. Rf8+ Kc7 $18) 28... h5 29. Rf4 {[%emt 0:01:13] White is clearly winning.} ({Weaker is} 29. Rfe1 Rd7 30. Rf1 Rc7 $18) 29... Rc6 30. b4 a6 31. a4 Rd6 32. b5 axb5 33. axb5 Rd5 (33... Kd7 $142 34. Rf7 Re6) 34. Rf6 g5 35. Rh6 {[%emt 0:00:25] Weighted Error Value: White=0.11 (very precise) /Black=0.47} (35. Rfe6 $142 Rd7 36. hxg5) 1-0

[Event "Israeli Championship 2022"]
[Site "Yosiah Arad"]
[Date "2022.12.11"]
[Round "7.12"]
[White "Kupervaser, Erez"]
[Black "Sitbon, Itay"]
[Result "0-1"]
[ECO "B35"]
[WhiteElo "2331"]
[BlackElo "2092"]
[Annotator "TA"]
[PlyCount "46"]
[EventDate "2022.12.05"]
[EventType "swiss"]
[EventCountry "ISR"]
[SourceTitle "playchess.com"]
[Source "ChessBase"]
[SourceQuality "1"]
[TimeControl "40/5400+30:1800+30"]

1. e4 c5 2. Nf3 g6 3. d4 cxd4 4. Nxd4 Bg7 5. Nc3 Nc6 6. Be3 Nf6 7. Bc4 O-O 8. Bb3 Re8 {[%emt 0:00:24] B35: Sicilian: Accelerated Dragon with 5 Nc3: main line.} 9. O-O d6 10. h3 Na5 {[%emt 0:00:13] The position is equal.} 11. Qf3 {[%emt 0:02:44] 11.Qd2 is the modern continuation.} b6 12. Rad1 Bb7 {[%emt 0:00:32] [#]} 13. g4 $146 (13. Ba4 $11) ({Predecessor:} 13. Rfe1 Nxb3 14. axb3 Rc8 15. Bg5 h6 16. Bh4 Rc5 17. Qd3 Qa8 18. f3 Nh5 19. Nde2 {½-½ (39) Lederman,L (2245)-Bogdanov,V (2356) Drammen 2018}) 13... Rc8 $15 14. g5 ({Much worse is} 14. Ba4 Rxc3 $1 15. Bxe8 (15. bxc3 Nxe4 16. Bxe8 Qxe8 $17) 15... Qxe8 16. bxc3 Nxe4 $17) 14... Nxb3 15. cxb3 Nd7 16. h4 {[%emt 0:03:56] [#]} ({White should play} 16. Rfe1 $15) 16... Ne5 (16... Ba6 $1 $17 17. Qh3 Bxf1 18. Kxf1 Ne5) 17. Qg2 Qd7 18. f3 Ba6 19. Rf2 (19. Nde2 $1 $15) 19... Nd3 $17 20. Rc2 {[%emt 0:04:31] [#]} Nxb2 $1 21. Rb1 Nd3 22. b4 $2 {[%emt 0:00:14] [#]} (22. Nd5) 22... Nf4 $1 $19 23. Qd2 Bd3 {[%emt 0:00:00] Weighted Error Value: White=0.51/Black=0.06 (flawless)} 0-1